 Dungeon Crawl Stone Soup version 0.21-a0-215-g0631661 (webtiles) character file.

179 namelastname112 the Sneak (level 5, -2/37 HPs)
             Began as a Vampire Enchanter on Aug 22, 2017.
             Slain by a goblin (4 damage)
             ... led by Robin
             ... on level 2 of the Dungeon.
             The game lasted 00:03:41 (2353 turns).

namelastname112 the Sneak (Vampire Enchanter)       Turns: 2353, Time: 00:03:42

Health: -2/37      AC:  5    Str:  7    XL:     5   Next: 33%
Magic:  8/8        EV: 13    Int: 17    God:
Gold:   110        SH:  0    Dex: 16    Spells: 3/9 levels left

rFire    . . .     SeeInvis +   a - +1 dagger
rCold    + . .     Gourm    .   (no shield)
rNeg     + + .     Faith    .   b - +0 robe
rPois    +         Spirit   .   o - +2 helmet
rElec    .         Reflect  .   (no cloak)
rCorr    +         Harm     .   (no gloves)
MR       .....                  (no boots)
Stlth    ++++......             (no amulet)
HPRegen  0.06/turn              q - ring of resist corrosion
MPRegen  0.11/turn              (no ring)

@: regenerating slowly
A: fangs 3, see invisible, unbreathing
a: Bat Form


You were on level 2 of the Dungeon.
You were near bloodless.

You visited 1 branch of the dungeon, and saw 3 of its levels.

You collected 110 gold pieces.

Inventory:

Hand Weapons
 a - a +1 dagger (weapon)
Armour
 b - a +0 robe (worn)
 o - a +2 helmet (worn)
Jewellery
 q - a ring of resist corrosion (left hand)
Wands
 t - a wand of random effects (23/48)
Scrolls
 e - 2 scrolls of immolation {unknown}
 f - a scroll of teleportation {unknown}
 h - 2 scrolls of enchant armour {unknown}
 j - a scroll of remove curse {unknown}
 k - a scroll of enchant weapon {unknown}
 l - a scroll of fog {unknown}
 m - a scroll of identify {unknown}
 p - a scroll of magic mapping {unknown}
Potions
 d - 11 potions of blood
 i - a potion of resistance {unknown}
 n - a potion of curing {unknown}
 r - a potion of flight {unknown}
 s - a potion of brilliance {unknown}
 u - a potion of might {unknown}
Books
 c - a book of Maledictions

   Spells                             Type                      Level
   a - Corona                         Hexes                        1
   b - Ensorcelled Hibernation        Hexes/Ice                    2
   c - Confuse                        Hexes                        3
   d - Tukima's Dance                 Hexes                        3
   e - Dazzling Spray                 Conjuration/Hexes            3


   Skills:
 + Level 1.5 Fighting
 * Level 2.5 Short Blades
 + Level 2.8 Dodging
 * Level 6.2 Stealth
 + Level 2.5 Spellcasting
 + Level 5.1 Hexes


You had 3 spell levels left.
You knew the following spells:

 Your Spells              Type           Power        Failure   Level  Hunger
b - Corona                Hex            ###....      2%          1    #......
x - Confuse               Hex            ###.....     6%          3    ###....
z - Ensorcelled Hibernat  Hex/Ice        ##....       10%         2    ##.....


Dungeon Overview and Level Annotations

Branches:
Dungeon (3/15)

Altars:
Fedhas
Okawaru

Annotations:
D:3 Robin


Innate Abilities, Weirdness & Mutations

You heal slowly.
You have razor-sharp teeth.
You have supernaturally acute eyesight. (SInv)
You can survive without breathing.


Message History

The goblin misses you. The goblin closely misses you.
The orc hits you but does no damage.
There is a stone staircase leading up here.
The goblin hits you but does no damage. x2; The goblin closely misses you. x2
You climb upwards.
There is a stone staircase leading down here.
The goblin hits you with a dagger!
Things that are here:
23 stones; a hunting sling; a dagger You take 9 damage, and have 18/37 hp.
MASSIVE DAMAGE!!
You barely miss the goblin. The goblin hits you with a dagger.
The orc hits you with a club. The goblin hits you but does no damage.
The goblin hits you.
* * * LOW HITPOINT WARNING * * *
You take 11 damage, and have 7/37 hp.
MASSIVE DAMAGE!!
The goblin hits you but does no damage. The goblin hits you.
* * * LOW HITPOINT WARNING * * *
You take 5 damage, and have 2/37 hp.
The goblin hits you.
You die...

#............#
#.##########.#
#.# #[# #.#
###.### ####.#
#..)..# .....#
###.#gg#
...###
#.._.o(# ##.#
#.#.#gg# #.##
#....@.# ##..#
####.###
#.._#### #.#
.......# #.#
#...##.# #.#
##.###.#
#.##### ##.#
#.# #.#...##
##.# #.#
#......## ##.#
#.# #[....(.#


You could see an orc and 4 goblins.

Vanquished Creatures
  An orc wizard (D:2)
  Jessica (D:2)
  Terence (D:3)
  2 adders
  An ooze (D:3)
  2 worms (D:2)
  4 dart slugs
  2 leopard geckos (D:1)
  An orc (D:2)
  A giant cockroach (D:1)
  10 goblins
  2 hobgoblins
  5 jackals
  A ball python (D:2)
  12 bats
  3 frilled lizards (D:2)
  6 kobolds
  4 rats
59 creatures vanquished.

Notes
Turn   | Place    | Note
-------+----------+-------------------------------------------
     0 | D:1      | namelastname112 the Vampire Enchanter began the quest for the Orb.
     0 | D:1      | Reached XP level 1. HP: 13/13 MP: 3/3
   197 | D:1      | Reached XP level 2. HP: 20/20 MP: 5/5
   273 | D:1      | Learned a level 2 spell: Ensorcelled Hibernation
   379 | D:1      | Reached skill level 1 in Fighting
   775 | D:1      | Reached skill level 5 in Stealth
   965 | D:2      | Reached XP level 3. HP: 26/26 MP: 6/6
  1182 | D:2      | Noticed Jessica
  1205 | D:2      | Killed Jessica
  1205 | D:2      | Reached XP level 4. HP: 30/32 MP: 4/7
  1266 | D:2      | Found an iron altar of Okawaru.
  1402 | D:2      | Found a blossoming altar of Fedhas.
  1620 | D:3      | Noticed Terence
  1628 | D:3      | Killed Terence
  1628 | D:3      | Reached skill level 6 in Stealth
  1800 | D:3      | Learned a level 3 spell: Confuse
  1839 | D:3      | Noticed Robin
  1869 | D:2      | Reached XP level 5. HP: 14/37 MP: 2/8
  1959 | D:2      | Reached skill level 5 in Hexes
  2208 | D:3      | epen: к гозагу пойдёшь?
  2214 | D:2      | namelastname112: да
  2353 | D:2      | Slain by a goblin

Vault maps used:
D:1:      roderic_octagonal_star, minmay_tromino_mix6
D:2:      lemuel_crystal_altar, overflow_temple_1_default, uniq_jessica
D:3:      lemuel_crystal_altar, nicolae_qazlal_general_emergency,
          serial_bayou_pond_e, uniq_robin, uniq_terence

Skill      XL: |  1  2  3  4  5 |
---------------+----------------+-----
Fighting       | 1 |  1.5
Stealth        | 5 6 |  6.2
Short Blades   | 2 |  2.5
Hexes          | 5 |  5.1
Dodging        | |  2.8
Spellcasting   | |  2.5

Action                   |  1- 3 |  4- 6 || total
-------------------------+-------+-------++-------
Melee: Dagger            |   118 |    82 ||   200
       Bite              |     7 |     1 ||     8
 Cast: Ensorcelled Hiber |     1 |    19 ||    20
  Use: Potion            |       |     2 ||     2
 Stab: Sleeping          |    14 |    14 ||    28
       Invisible         |       |     1 ||     1
Armor: Robe              |    21 |    35 ||    56
Dodge: Dodged            |    69 |    81 ||   150

Table legend:
 A = Spawn XP
 B = Non-spawn XP
 C = Spawn XP percentage of total XP
 D = Spawn monster count
 E = Non-spawn monster count
 F = Spawn count percentage of total count
 G = Total turns spent on level
                    A         B        C        D         E        F      G
               +---------+---------+-------+---------+---------+-------+---------
         Total |      26 |     231 |  10.1 |       7 |      52 |  11.9 |  2353
               +---------+---------+-------+---------+---------+-------+---------
           D:1 |       5 |      34 |  12.8 |       3 |      17 |  15.0 |   936
           D:2 |      21 |     138 |  13.2 |       4 |      30 |  11.8 |  1176
           D:3 |       0 |      59 |   0.0 |       0 |       5 |   0.0 |   241
               +---------+---------+-------+---------+---------+-------+---------
